 Dungeon Crawl Stone Soup version 0.28.0-1-gb440e238dd (webtiles) character file.

Game seed: 16701272693687919690

81 arthad the Magician (level 4, -2/42 HPs)
             Began as an Octopode Wanderer on Feb 20, 2022.
             Was a Believer of Elyvilon.
             Slain by Pargi (3 damage)
             ... in a sewer.
             The game lasted 00:12:00 (2582 turns).

arthad the Magician (Octopode Wanderer)             Turns: 2582, Time: 00:12:02

Health: -2/42      AC:  1    Str: 14      XL:     4   Next: 42%
Magic:  6/8        EV: 12    Int: 11 (12) God:    Elyvilon [**....]
Gold:   46         SH:  4    Dex: 12      Spells: 2/9 levels left

rFire   . . .      SeeInvis .   a - +1 mace
rCold   . . .      Faith    .   b - +0 buckler
rNeg    . . .      Spirit   .   (helmet restricted)
rPois   +          Reflect  .   (no amulet)
rElec   .          Harm     .   (no ring)
rCorr   .          Rampage  .   (no ring)
Will    .....                   (no ring)
Stlth   ..........              (no ring)
HPRegen 0.14/turn               (no ring)
MPRegen 0.11/turn               (no ring)
                                (no ring)
                                (no ring)

@: berserking, very quick
A: almost no armour, amphibious, 8 rings, camouflage 1, gelatinous body 1,
(nimble swimmer 1), tentacles, deterioration 1, poison resistance
a: Renounce Religion, Purification, Heal Other


You were in a sewer.
You worshipped Elyvilon.
Elyvilon was pleased with you.
You visited 1 branch of the dungeon, and saw 3 of its levels.
You also visited: Sewer.

You collected 46 gold pieces.

Inventory:

Hand Weapons
 a - a +1 mace (weapon)
 d - a +0 vampiric hand axe
Armour
 b - a +0 buckler (worn)
Magical Staves
 i - a staff of conjuration
Scrolls
 k - a scroll of identify


   Skills:
 * Level 1.4 Fighting
 - Level 1.0(1.3) Axes
 + Level 1.2(1.4) Maces & Flails
 - Level 1.0 Throwing
 + Level 1.0 Dodging
 + Level 2.1 Stealth
 + Level 3.1 Shields
 + Level 3.2 Spellcasting
 + Level 0.6 Transmutations
 * Level 1.7 Poison Magic
 + Level 0.1 Invocations


You had 2 spell levels left.
You knew the following spells:

 Your Spells              Type           Power      Damage    Failure   Level
a - Sting                 Tmut/Pois      16%        1d3       22%         1
b - Call Canine Familiar  Summ           1%         N/A       71%         3
c - Conjure Flame         Conj/Fire      1%         6-21      71%         3

Your spell library contained the following spells:

 Spells                   Type           Power      Damage    Failure   Level
 Beastly Appendage        Tmut           6%         N/A       26%         1
 Pain                     Necr           4%         1d4       34%         1
 Summon Small Mammal      Summ           4%         N/A       34%         1
 Gell's Gravitas          Tloc           1%         N/A       71%         3
 Lesser Beckoning         Tloc           1%         N/A       71%         3
 Teleport Other           Tloc           1%         N/A       71%         3
 Tukima's Dance           Hex            1%         N/A       71%         3


Dungeon Overview and Level Annotations

Branches:
Dungeon (3/15)              Sewer (1/1)

Altars:
Ashenzari
Elyvilon
Fedhas

Annotations:
Sewer Pargi


Innate Abilities, Weirdness & Mutations

You cannot wear most types of armour.
You are amphibious.
You can wear up to eight rings at the same time.
Your skin changes colour to match your surroundings (Stealth+).
Your rubbery body absorbs attacks. (AC +1, EV +1)
((You are camouflaged when in or above water. (Stealth+)))
You have tentacles for arms and can constrict up to eight enemies at once.
Your body sometimes deteriorates upon taking damage.
Your system is resistant to poisons. (rPois)


Message History

Pargi is heavily wounded.
Pargi bites you. You block Pargi's attack. Pargi claws you.
Unknown command.
Casting: Sting (safe; 22% risk of failure)
Confirm with . or Enter, or press ? or * to list all spells.
Aiming: Sting (safe; 22% risk of failure)
Press: ? - help, Shift-Dir - straight line, f/p - Pargi
Aim: Pargi (moderately wounded, very poisoned, 55% to hit)
You miscast Sting.
You are very lightly contaminated with residual magic.
Nothing appears to happen.
Pargi bites you. Pargi claws you. Pargi misses you.
Unknown command.
You barely miss Pargi.
Pargi is moderately wounded.
Pargi bites you.
* * * LOW HITPOINT WARNING * * *
Pargi claws you.
* * * LOW HITPOINT WARNING * * *
Pargi claws you.
* * * LOW HITPOINT WARNING * * *
Okay, then.
Unknown command.
Unknown command.
You feel better. Pargi bites you.
* * * LOW HITPOINT WARNING * * *
Pargi barely misses you. Pargi closely misses you.
Your magical contamination has completely faded away.
You see here a potion of berserk rage.
A red film seems to cover your vision as you go berserk!
You feel yourself moving faster!
You feel mighty! Pargi completely misses you. Pargi misses you.
Pargi claws you.
* * * LOW HITPOINT WARNING * * *
You barely miss Pargi. You squeeze Pargi!
Pargi is severely wounded.
Pargi bites you.
* * * LOW HITPOINT WARNING * * *
Pargi claws you.
* * * LOW HITPOINT WARNING * * *
Pargi claws you.
You die...

##...## ##.## #.# #.#
####### #.# ##.....##
#.# #$......# #.#
#?$.....####.########
#[).....T@.........∩#
#?$.....#############
#$......# ##.....##
#######


You could see Pargi (poisoned).

Vanquished Creatures
  2 adders (D:2)
  3 worms
  3 dart slugs
  8 endoplasms
  2 giant cockroaches
  3 hobgoblins
  5 kobolds
  4 quokkas
  A ball python (D:1)
  9 bats
  A frilled lizard (D:2)
  2 goblins
  4 rats
47 creatures vanquished.

Notes
Turn   | Place    | Note
-------+----------+-------------------------------------------
     0 | D:1      | arthad the Octopode Wanderer began the quest for the Orb.
     0 | D:1      | arthad set off with the following items: a +0 mace, a +0
                  | buckler; and the following spell memorised: Sting; and the
                  | following spells available to memorise: Call Canine
                  | Familiar, Conjure Flame, Tukima's Dance
     0 | D:1      | Reached XP level 1. HP: 11/11 MP: 4/4
   240 | D:1      | Reached XP level 2. HP: 18/18 MP: 6/6
   763 | D:1      | Reached skill level 1 in Poison Magic
  1052 | D:1      | Found a faded altar of an unknown god.
  1067 | D:1      | Prayed at the altar of an unknown god.
  1067 | D:1      | Became a worshipper of Elyvilon the Healer
  1067 | D:1      | Reached * piety under Elyvilon
  1114 | D:2      | Found a blossoming altar of Fedhas.
  1122 | D:2      | Reached XP level 3. HP: 17/22 MP: 7/7
  1247 | D:2      | Learned a level 3 spell: Call Canine Familiar
  1251 | D:2      | Learned a level 3 spell: Conjure Flame
  1289 | D:2      | Got Sorcery 101
  1371 | D:2      | Reached skill level 1 in Fighting
  1371 | D:2      | Reached skill level 1 in Axes
  2008 | D:2      | Reached XP level 4. HP: 28/28 MP: 3/8
  2135 | D:2      | Reached ** piety under Elyvilon
  2230 | D:3      | Found a broken altar of Ashenzari.
  2282 | D:3      | Reached skill level 1 in Dodging
  2409 | D:3      | Found a glowing drain.
  2513 | Sewer    | Entered a sewer
  2554 | Sewer    | Noticed Pargi
  2571 | Sewer    | Gained mutation: Your body sometimes deteriorates upon
                  | taking damage. [potion of mutation]
  2571 | Sewer    | Gained mutation: Your system is resistant to poisons.
                  | (rPois) [potion of mutation]
  2582 | Sewer    | HP: 1/42 [Pargi (3)]
  2582 | Sewer    | Slain by Pargi

Illustrated notes

Levels and vault maps discovered:
D:1:      lordsloth_arrival_two_stooges, layout_basic,
          hellmonk_ecumenical_altar_heavens_door
D:2:      layout_basic, basic_altar
D:3:      layout_loops_cross, overflow_temple_1_default,
          gammafunk_ghost_mausoleum, gup_sewer_entry_spiral
Sewer:    sewer_big_baddie

Skill      XL: |  1  2  3  4 |
---------------+-------------+-----
Poison Magic   | 1 |  1.7
Fighting       | 1 |  1.4
Axes           | 1 |  1.0
Stealth        | 2 |  2.1
Dodging        | 1 |  1.0
Maces & Flails | |  1.2
Throwing       | |  1.0
Shields        | |  3.1
Spellcasting   | |  3.2
Transmutations | |  0.6
Invocations    | |  0.1

Action                   |  1- 3 |  4- 6 || total
-------------------------+-------+-------++-------
Melee: Hand axe          |    21 |       ||    21
       Constrict         |    12 |     6 ||    18
       Tentacles         |    12 |     9 ||    21
       Mace              |    23 |    39 ||    62
 Cast: Sting             |    21 |     9 ||    30
  Use: Scroll            |     4 |     2 ||     6
       Potion            |       |     6 ||     6
 Stab: Sleeping          |     6 |     9 ||    15
Armor: Skin              |     2 |     6 ||     8
Dodge: Dodged            |    19 |    43 ||    62
Block: Buckler           |    14 |    10 ||    24
